 Dungeon Crawl Stone Soup version 0.31-a0-95-g6fa058ef04 (webtiles) character file.

Game seed: 2174422560241820206

375 frimble the Grasshopper (level 6, -1/42 HPs)
             Began as an Octopode Warper on May 25, 2023.
             Slain by a scorpion (6 damage)
             ... while paralysed by Grinder
             ... on level 5 of the Dungeon.
             The game lasted 00:04:26 (3277 turns).

frimble the Grasshopper (Octopode Warper)           Turns: 3277, Time: 00:04:26

Health: -1/42      AC:  1    Str: 10    XL:     6   Next: 72%
Magic:  8/10       EV:  2    Int: 17    God:
Gold:   180        SH:  0    Dex: 12    Spells: 9/11 levels left

rFire   . . .        a - +1 dagger (venom)
rCold   . . .        (no shield)
rNeg    . . .        (helmet restricted)
rPois   .            (no amulet)
rElec   .            u - ring of willpower
rCorr   .            (no ring)
SInv    .            (no ring)
Will    +....        (no ring)
Stlth   +++          (no ring)
HPRegen 0.27/turn    (no ring)
MPRegen 0.12/turn    (no ring)
                     (no ring)

%: no passive effects
@: paralysed, lethally poisoned (-1 -> -4), attractive, on blink cooldown
A: almost no armour, amphibious, 8 rings, camouflage 1, gelatinous body 1,
(nimble swimmer 1), tentacles
a: no special abilities


You were on level 5 of the Dungeon.
You visited 1 branch of the dungeon, and saw 5 of its levels.

You collected 180 gold pieces.

Inventory:

Hand Weapons
 a - a +1 dagger of venom (weapon)
 b - a +0 rapier
Missiles
 c - 7 boomerangs of dispersal (quivered)
Jewellery
 p - a ring of ice
 t - a ring of ice
 u - a ring of willpower (left tentacle)
Wands
 s - a wand of roots (10)
Scrolls
 e - a scroll of noise
 f - 4 scrolls of teleportation
 h - a scroll of vulnerability
 i - 3 scrolls of blinking
 l - a scroll of enchant armour
 n - a scroll of fear
 r - a scroll of amnesia
Potions
 d - a potion of invisibility {unknown}
 g - a potion of attraction
 j - 2 potions of mutation {unknown}
 k - 2 potions of curing {unknown}
 m - a potion of lignification {unknown}
 o - 2 potions of enlightenment {unknown}
 q - a potion of might {unknown}


   Skills:
 + Level 3.3 Fighting
 + Level 3.4 Short Blades
 - Level 1.2 Throwing
 - Level 3.5 Dodging
 + Level 3.3 Stealth
 - Level 3.0 Spellcasting
 + Level 4.0 Translocations


You had 9 spell levels left.
You knew the following spells:

 Your Spells              Type           Power      Damage    Failure   Level
a - Blink                 Tloc           32%        N/A       4%          2

Your spell library contained the following spells:

 Spells                   Type           Power      Damage    Failure   Level
 Lesser Beckoning         Tloc           32%        N/A       4%          2
 Teleport Other           Tloc           16%        N/A       10%         3
 Vhi's Electric Charge    Tloc/Air       16%        N/A       26%         3
 Cigotuvi's Dreadful Rot  Necr/Pois/Air  0%         N/A       32%         2
 Manifold Assault         Tloc           16%        N/A       32%         4
 Dispel Undead            Necr           2%         3d7       86%         4
 Death Channel            Necr           1%         N/A       100%        6


Dungeon Overview and Level Annotations

Branches:
Dungeon (5/15)             Temple (0/1) D:5

Altars:
Hepliaklqana
Nemelex Xobeh
Wu Jian
Yredelemnul

Annotations:
D:5 Grinder


Innate Abilities, Weirdness & Mutations

You cannot wear most types of armour.
You are amphibious.
You can wear up to eight rings at the same time.
Your skin changes colour to match your surroundings (Stealth+).
Your rubbery body absorbs attacks. (AC +1, EV +1)
((You are camouflaged when in or above water. (Stealth+)))
You have tentacles for arms and can constrict up to eight enemies at once.


Message History

You constrict Grinder, but do no damage.
The scorpion closely misses you. Grinder hits you.
You writhe in agony.
You barely miss Grinder. Your squeeze misses Grinder.
Grinder is heavily wounded.
You constrict Grinder. The scorpion barely misses you. Grinder gestures at you.
You suddenly lose the ability to move!
You lose your grip on Grinder.
The scorpion stings you but does no damage.
Grinder gestures at you. Pain shoots through your body!
The scorpion stings you.
* * * LOW HITPOINT WARNING * * *
You are poisoned.
The scorpion poisons you! Grinder barely misses you. The scorpion stings you.
* * * LOW HITPOINT WARNING * * *
You can move again.
Casting: Blink (safe; 4% risk of failure)
Confirm with . or Enter, or press ? or * to list all spells.
You blink.
* * * LOW HITPOINT WARNING * * *
You feel very sick.
Aiming: Fastroot
Press: ? - help, Shift-Dir - straight line, f - Grinder
Aim: Grinder (severely wounded)
The roots erupt in riotous growth!
Roots grab Grinder.
Roots grab the scorpion.
The grasping roots constrict Grinder.
The grasping roots constrict the scorpion.
You feel sick.
The scorpion escapes!
Grinder says, "Mostly I couldn't keep them alive."
Grinder blinks free!
It was a potion of attraction.
You feel attractive to monsters.
* * * LOW HITPOINT WARNING * * *
You feel sick. Grinder gestures at you.
You suddenly lose the ability to move!
The scorpion is attracted toward you. Grinder is attracted toward you.
You feel sick. The scorpion stings you.
You die...

#...# ### ## #...# #.. .
#..=# #.# # #...# #.####
.. ######...#####.##..
#.#.##.>......§.....##.#
...........5..[.........
#.@s§.§........#..#
######...#####.#..# #...#
#.#..† ### #:..# #..#..
###8###...# #.....
##8...8##..# ##..#.
#.##.......#### ##....#
#.#8..._...8######..####
###.##.......##..........#


You could see Grinder and a scorpion.

Vanquished Creatures
  Sigmund (D:2)
  2 orc priests (D:4)
  Terence (D:3)
  5 adders
  3 worms
  2 dart slugs
  2 orcs (D:4)
  4 ball pythons
  5 bats
  11 endoplasms
  4 giant cockroaches
  7 goblins
  3 hobgoblins
  3 jackals
  7 kobolds
  5 quokkas
  4 rats (D:1)
69 creatures vanquished.

Notes
Turn   | Place    | Note
-------+----------+-------------------------------------------
     0 | D:1      | frimble the Octopode Warper began the quest for the Orb.
     0 | D:1      | Reached XP level 1. HP: 14/14 MP: 3/3
    69 | D:1      | Reached XP level 2. HP: 17/19 MP: 5/5
    78 | D:1      | Learned a level 2 spell: Blink
   278 | D:2      | Reached XP level 3. HP: 19/24 MP: 6/6
   393 | D:3      | Noticed Terence
   402 | D:5      | Entered Level 5 of the Dungeon
   547 | D:4      | Reached skill level 1 in Stealth
   547 | D:4      | Reached XP level 4. HP: 16/30 MP: 5/7
  1009 | D:3      | Reached XP level 5. HP: 21/35 MP: 8/8
  1122 | D:3      | Killed Terence
  1760 | D:2      | Noticed Sigmund
  1778 | D:2      | Killed Sigmund
  1779 | D:2      | Reached XP level 6. HP: 12/42 MP: 8/10
  2624 | D:4      | Found a hazy altar of Hepliaklqana.
  2653 | D:4      | Found a sparkling altar of Nemelex Xobeh.
  2957 | D:4      | Found a basalt altar of Yredelemnul.
  3115 | D:5      | Reached skill level 4 in Translocations
  3120 | D:5      | Found a staircase to the Ecumenical Temple.
  3176 | D:5      | Found an ornate altar of the Wu Jian Council.
  3262 | D:5      | Noticed Grinder
  3271 | D:5      | Paralysed by Grinder for 2 turns
  3276 | D:5      | Paralysed by Grinder for 3 turns
  3277 | D:5      | Slain by a scorpion

Illustrated notes

Levels and vault maps discovered:
D:1:      amcnicky_arrival_double_pillar, layout_rooms
D:2:      layout_loops_ring, uniq_sigmund
D:3:      layout_basic, uniq_terence
D:4:      layout_basic, mainiacjoe_overflow_tiny_flanked,
          lemuel_coloured_pillars_altar, nemelex_spade_bored_becter,
          corexii_hall_statues_t
D:5:      layout_loops_cross, mainiacjoe_overflow_chevrons, trog_book,
          nzn_wu_jian_council_hall, minmay_temple_entry_arrows, uniq_grinder,
          uniq_crazy_yiuf_cottage

Skill      XL: |  1  2  3  4  5  6 |
---------------+-------------------+-----
Stealth        | 1 3 |  3.3
Dodging        | 3 |  3.5
Fighting       | 3 |  3.3
Short Blades   | 3 |  3.4
Spellcasting   | 3 |  3.0
Translocations | 4 |  4.0
Throwing       | |  1.2

Action                     |  1- 3 |  4- 6 || total
---------------------------+-------+-------++-------
  Melee: Short sword       |    59 |    17 ||    76
         Tentacles         |    19 |    19 ||    38
         Constrict         |    14 |    17 ||    31
         Rapier            |       |    25 ||    25
         Dagger            |       |    54 ||    54
   Cast: Blink             |     1 |     2 ||     3
  Evoke: Wand              |       |     3 ||     3
    Use: Scroll            |       |     7 ||     7
         Potion            |       |     1 ||     1
   Stab: Sleeping          |     5 |    13 ||    18
 Armour: Skin              |     1 |     6 ||     7
  Dodge: Dodged            |    33 |    42 ||    75

Table legend: (Time is in decaauts)
 A = Elapsed time spent in this place.
 B = Non-inter-level travel time spent in this place.
 C = Inter-level travel time spent in this place.
 D = Time resting spent in this place.
 E = Time spent auto-exploring this place.
 F = Levels seen in this place.
 G = Mean time per level.
                   A        B        C        D        E       F      G
               +--------+--------+--------+--------+--------+-----+--------+
         Total |   3258 |   3096 |    162 |     25 |   2513 |   5 |  651.6 |
       Dungeon |   3258 |   3096 |    162 |     25 |   2513 |   5 |  651.6 |
               +--------+--------+--------+--------+--------+-----+--------+

Top non-repeatable levels by time:
     D:3: 1034 daAuts
     D:2: 874 daAuts
     D:4: 661 daAuts
     D:1: 464 daAuts
     D:5: 224 daAuts
